 Dungeon Crawl Stone Soup version 0.25.0-9-g26727b657a (webtiles) character file.

Game seed: 16703638855047147396

672 eeldvark the Protected (level 7, -5/51 HPs)
             Began as a Gnoll Wanderer on June 15, 2020.
             Was an Initiate of Gozag.
             Killed from afar by a wraith (18 damage)
             ... with an exploding inner flame
             ... hexed by the player character
             ... on level 4 of the Dungeon on June 16, 2020.
             The game lasted 00:32:05 (3544 turns).

eeldvark the Protected (Gnoll Wanderer)             Turns: 3544, Time: 00:32:05

Health: -5/51      AC: 10    Str: 16    XL:     7   Next: 59%
Magic:  10/10      EV: 12    Int: 13    God:    Gozag
Gold:   284        SH:  0    Dex: 16    Spells: 11/11 levels left

rFire    . . .     SeeInvis .   a - +2 mace
rCold    + . .     Gourm    .   (no shield)
rNeg     . . .     Faith    .   h - +3 ring mail
rPois    .         Spirit   .   (no helmet)
rElec    .         Reflect  .   (no cloak)
rCorr    .         Harm     .   (no gloves)
MR       .....                  (no boots)
Stlth    ++........             (no amulet)
HPRegen  0.17/turn              j - ring of protection from cold
MPRegen  0.12/turn              (no ring)

@: slowed, very slow
A: distributed training, fangs 1, strong nose
a: Potion Petition, Call Merchant, Bribe Branch, Renounce Religion


You were on level 4 of the Dungeon.
You worshipped Gozag.
Gozag was aware of your devotion.
You were not hungry.

You visited 1 branch of the dungeon, and saw 5 of its levels.
You also visited: Sewer.

You collected 364 gold pieces.
You paid 80 gold pieces to Gozag.

Inventory:

Hand Weapons
 a - a +2 mace (weapon)
Missiles
 r - 16 stones
 t - 8 boomerangs (quivered)
Armour
 c - a +1 ring mail
 h - a +3 ring mail (worn)
 k - a +4 ring mail
 o - a +0 chain mail
Magical Staves
 b - an uncursed staff of cold {unknown}
Jewellery
 j - a ring of protection from cold (left hand)
 l - an uncursed ring of fire
Wands
 p - a wand of random effects (9)
Scrolls
 g - 2 scrolls of remove curse
 m - a scroll of enchant armour
 n - a scroll of identify
Comestibles
 d - 7 rations


   Skills:
 + Level 2.5 Fighting
 + Level 2.5 Short Blades
 + Level 2.5 Long Blades
 + Level 2.5 Axes
 + Level 5.2 Maces & Flails
 + Level 2.5 Polearms
 + Level 2.5 Staves
 + Level 2.5 Slings
 + Level 2.5 Bows
 + Level 3.6 Crossbows
 + Level 3.6 Throwing
 + Level 10.6 Armour
 + Level 2.5 Dodging
 + Level 2.5 Stealth
 + Level 3.6 Shields
 + Level 2.5 Unarmed Combat
 + Level 2.5 Spellcasting
 + Level 2.0 Conjurations
 + Level 2.0 Hexes
 + Level 2.0 Charms
 + Level 2.0 Summonings
 + Level 2.0 Necromancy
 + Level 2.0 Translocations
 + Level 2.0 Transmutations
 + Level 2.0 Fire Magic
 + Level 2.0 Ice Magic
 + Level 2.0 Air Magic
 + Level 2.0 Earth Magic
 + Level 2.0 Poison Magic
 + Level 2.8 Invocations
 + Level 2.5 Evocations


You had 11 spell levels left.
You didn't know any spells.
Your spell library was empty.

Dungeon Overview and Level Annotations

Branches:
Dungeon (5/15)              Sewer (visited)
 Temple: D:4-7

Altars:
Ashenzari
Gozag
Nemelex Xobeh


Innate Abilities, Weirdness & Mutations

Your experience applies equally to all skills.
You have very sharp teeth.
Your uncanny sense of smell can sniff out nearby items.


Message History

You aren't carrying any potions.
Okay, then.
Okay, then.
You aren't carrying any potions.
Evoke which item? (* to show all) (? for menu, Esc to quit)
Aiming: Random Effects
Press: ? - help, Shift-Dir - straight line, f - wraith
Aim: a wraith (moderately damaged, inner flame)
The puff of flame hits the wraith!
Flame seeps out of the wraith.
The wraith is heavily damaged.
The wraith is engulfed in blazing flames.
Flame seeps out of the wraith.
The wraith closely misses you.
The wraith is engulfed in blazing flames.
Flame seeps out of the wraith.
The wraith hits you.
* * * LOW HITPOINT WARNING * * *
You sock the wraith!
The wraith explodes!
The fiery explosion engulfs you!!
You die...
Your body crumbles into a pile of gold.

#..........# #..........#
#..........## #######...........#
####.................####
##........#.###'#.......#
##........#.###.#..#.##.#
##.......<#...#.#..#.##.#
##...######+#.#.@§§#.##.#########
##...# #......§°§#.............
##...# #.....###§#.............
##..(#####.....###.#.............
.)...'................>..........
##...#####......##.##............
##...#####......##.#...##########
#.##....'.........#.###.........
#.##.####.....#####.###.........


There were no monsters in sight!

Vanquished Creatures
  Grinder (D:4)
  Purgy (Sewer)
  An eye of draining (D:4)
  A gnoll shaman (D:4)
  An orc wizard (D:4)
  2 worker ants (D:4)
  5 gnolls (D:4)
  5 adders
  2 oozes (D:3)
  A worm (D:4)
  2 dart slugs
  3 leopard geckos
  4 orcs
  2 ball pythons
  5 bats
  9 giant cockroaches
  5 goblins
  6 hobgoblins
  6 jackals
  A quokka (D:2)
  8 frilled lizards
  9 kobolds
  12 rats
92 creatures vanquished.

Notes
Turn   | Place    | Note
-------+----------+-------------------------------------------
     0 | D:1      | Reached skill level 10 in Armour
     0 | D:1      | eeldvark the Gnoll Wanderer began the quest for the Orb.
     0 | D:1      | eeldvark set off with the following items: a +2 mace, a
                  | potion of curing, a +0 ring mail, a ration
     0 | D:1      | Reached XP level 1. HP: 13/13 MP: 1/1
   231 | D:1      | Reached XP level 2. HP: 16/19 MP: 2/2
   542 | D:1      | Reached XP level 3. HP: 19/25 MP: 3/3
   713 | D:2      | Reached skill level 1 in Invocations
  1196 | D:2      | Reached skill level 1 in Fighting
  1196 | D:2      | Reached skill level 1 in Short Blades
  1196 | D:2      | Reached skill level 1 in Long Blades
  1196 | D:2      | Reached skill level 1 in Axes
  1196 | D:2      | Reached skill level 1 in Polearms
  1196 | D:2      | Reached skill level 1 in Staves
  1196 | D:2      | Reached skill level 1 in Slings
  1196 | D:2      | Reached skill level 1 in Bows
  1196 | D:2      | Reached skill level 1 in Dodging
  1196 | D:2      | Reached skill level 1 in Stealth
  1196 | D:2      | Reached skill level 1 in Unarmed Combat
  1196 | D:2      | Reached skill level 1 in Spellcasting
  1196 | D:2      | Reached skill level 1 in Evocations
  1196 | D:2      | Reached XP level 4. HP: 32/32 MP: 5/5
  1558 | D:3      | Found a glowing drain.
  1575 | Sewer    | Entered a sewer
  1772 | Sewer    | Noticed Purgy
  1786 | Sewer    | Killed Purgy
  1786 | Sewer    | Reached skill level 1 in Conjurations
  1786 | Sewer    | Reached skill level 1 in Hexes
  1786 | Sewer    | Reached skill level 1 in Charms
  1786 | Sewer    | Reached skill level 1 in Summonings
  1786 | Sewer    | Reached skill level 1 in Necromancy
  1786 | Sewer    | Reached skill level 1 in Translocations
  1786 | Sewer    | Reached skill level 1 in Transmutations
  1786 | Sewer    | Reached skill level 1 in Fire Magic
  1786 | Sewer    | Reached skill level 1 in Ice Magic
  1786 | Sewer    | Reached skill level 1 in Air Magic
  1786 | Sewer    | Reached skill level 1 in Earth Magic
  1786 | Sewer    | Reached skill level 1 in Poison Magic
  1786 | Sewer    | Reached XP level 5. HP: 22/37 MP: 5/7
  2086 | D:3      | Found a shattered altar of Ashenzari.
  2092 | D:3      | Found an opulent altar of Gozag.
  2201 | D:3      | Found a sparkling altar of Nemelex Xobeh.
  2378 | D:4      | Noticed an eye of draining
  2378 | D:4      | Noticed a wraith
  2552 | D:4      | Upgraded the game from 0.25.0-3-gd7cc5688da to
                  | 0.25.0-9-g26727b657a
  2633 | D:4      | Noticed Grinder
  2829 | D:3      | Became a worshipper of Gozag Ym Sagoz the Greedy
  2871 | D:4      | Killed an eye of draining
  2871 | D:4      | Reached skill level 5 in Maces & Flails
  2871 | D:4      | Reached XP level 6. HP: 44/44 MP: 6/8
  3067 | D:4      | Reached XP level 7. HP: 45/50 MP: 10/10
  3093 | D:4      | Paralysed by Grinder for 3 turns
  3118 | D:4      | Killed Grinder
  3524 | D:5      | Entered Level 5 of the Dungeon
  3544 | D:4      | Killed a wraith
  3544 | D:4      | Killed from afar by a wraith

Illustrated notes

Levels and vault maps discovered:
D:1:      dpeg_arrival_long_road, layout_basic
D:2:      layout_basic, first_ration, minivault_14
D:3:      layout_rooms, gammafunk_temple_overflow_statue, gup_sewer_entry_pipe,
          nemelex_dance_club_becter
D:4:      layout_basic, uniq_grinder
D:5:      minmay_spotlight, layout_layer_cave,
          nemelex_xobeh_ov_fountains_minmay, minmay_temple_entry_waves

Skill      XL: |  1  2  3  4  5  6  7 |
---------------+----------------------+-----
Armour         | | 10.6
Invocations    | 1 2 |  2.8
Fighting       | 1 2 |  2.5
Short Blades   | 1 2 |  2.5
Long Blades    | 1 2 |  2.5
Axes           | 1 2 |  2.5
Polearms       | 1 2 |  2.5
Staves         | 1 2 |  2.5
Slings         | 1 2 |  2.5
Bows           | 1 2 |  2.5
Dodging        | 1 2 |  2.5
Stealth        | 1 2 |  2.5
Unarmed Combat | 1 2 |  2.5
Spellcasting   | 1 2 |  2.5
Evocations     | 1 2 |  2.5
Crossbows      | 3 |  3.6
Throwing       | 3 |  3.6
Shields        | 3 |  3.6
Conjurations   | 1 2 |  2.0
Hexes          | 1 2 |  2.0
Charms         | 1 2 |  2.0
Summonings     | 1 2 |  2.0
Necromancy     | 1 2 |  2.0
Translocations | 1 2 |  2.0
Transmutations | 1 2 |  2.0
Fire Magic     | 1 2 |  2.0
Ice Magic      | 1 2 |  2.0
Air Magic      | 1 2 |  2.0
Earth Magic    | 1 2 |  2.0
Poison Magic   | 1 2 |  2.0
Maces & Flails | 5 |  5.2

Action                   |  1- 3 |  4- 6 |  7- 9 || total
-------------------------+-------+-------+-------++-------
Melee: Mace              |   108 |   153 |    49 ||   310
       Bite              |    11 |    11 |     9 ||    31
       Punch             |     1 |       |     1 ||     2
Throw: Boomerang         |       |       |     1 ||     1
Invok: Potion Petition   |       |     1 |       ||     1
Evoke: Wand              |       |       |     7 ||     7
  Use: Scroll            |       |    11 |     1 ||    12
       Potion            |       |     2 |     7 ||     9
 Stab: Sleeping          |     1 |     1 |       ||     2
       Distracted        |       |     1 |     1 ||     2
  Eat: Chunk             |     1 |     5 |       ||     6
       Ration            |       |     1 |       ||     1
Armor: Ring mail         |    42 |    68 |    16 ||   126
Dodge: Dodged            |    64 |    85 |    45 ||   194
